 Dungeon Crawl Stone Soup version 0.30-a0-596-g0af90f9a20 (webtiles) character file.

Game seed: 5106305275733613458

143850 oldriver the Warrior (level 18, -10/154 HPs)
             Began as a Formicid Wanderer on Jan 7, 2023.
             Was the Champion of Kikubaaqudgha.
             Mangled by a spark wasp (17 damage)
             ... on level 4 of the Spider Nest.
             The game lasted 01:30:58 (46770 turns).

oldriver the Warrior (Formicid Wanderer)           Turns: 46770, Time: 01:30:59

Health: -10/154    AC: 16    Str: 20    XL:     18   Next: 0%
Magic:  42/50      EV: 11    Int: 23    God:    Kikubaaqudgha [******]
Gold:   1317       SH: 13    Dex:  8    Spells: 12/45 levels left

rFire   + . .      SeeInvis +    n - +6 dagger "Vaipt" {drain, MP+9}
rCold   + . .      Faith    .    D - +3 buckler of Transparent the Good {+Blink SInv}
rNeg    . . .      Spirit   .    E - +0 swamp dragon scales
rPois   +          Reflect  +    (helmet unavailable)
rElec   .          Harm     .    o - +0 cloak
rCorr   +          Rampage  .    c - +2 pair of gloves
Will    +....                    S - +0 pair of boots
Stlth   +++                      i - amulet of reflection
HPRegen 0.45/turn                p - ring "Jaaniffe" {rF+ MP+9}
MPRegen 0.32/turn                Q - ring of the Wary Places {rPois rC+ rCorr Str+3}

@: no status effects
A: permanent stasis, dig shafts and tunnels, antennae 3, four strong arms,
clumsy 1, low MP 1
a: Dig, Shaft Self, Renounce Religion, Unearth Wretches, Torment


You were on level 4 of the Spider Nest.
You worshipped Kikubaaqudgha.
Kikubaaqudgha was exalted by your worship.
You visited 6 branches of the dungeon, and saw 28 of its levels.
You also visited: Ice Cave.

You collected 2802 gold pieces.
You spent 1485 gold pieces at shops.

Inventory:

Hand Weapons
 n - the +6 dagger "Vaipt" (weapon) {drain, MP+9}
   (You found it on level 2 of the Dungeon)

   MP:        It affects your magic capacity (+9).
Missiles
 l - 39 poisoned darts
Armour
 c - a +2 pair of gloves (worn)
 o - a +0 cloak (worn)
 D - the +3 buckler of Transparent the Good (worn) {+Blink SInv}
   (You bought it in a shop on level 1 of the Dungeon)

   SInv:      It lets you see invisible.
   +Blink:    It lets you blink.
 E - +0 swamp dragon scales (worn)
 S - a +0 pair of boots (worn)
Jewellery
 d - a ring of magical power
 i - an amulet of reflection (around neck)
 k - the amulet of Acunejyw {Spirit Fragile rN+ Dex+5 SInv}
   (You found it on level 6 of the Dungeon)

   [amulet of guardian spirit]

   It causes incoming damage to be divided between your reserves of health and
   magic.
   Dex:       It affects your dexterity (+5).
   rN:        It protects you from negative energy.
   SInv:      It lets you see invisible.
   Fragile:   It will be destroyed if unequipped.
 p - the ring "Jaaniffe" (left hand) {rF+ MP+9}
   (You acquired it on level 3 of the Lair of Beasts)

   [ring of magical power]

   rF:        It protects you from fire.
   MP:        It affects your magic capacity (+9).
 t - the ring of the Final Decision {rN+ Int+2 Dex+6 Stlth+}
   (You found it on level 3 of the Dungeon)

   [ring of dexterity]

   Int:       It affects your intelligence (+2).
   Dex:       It affects your dexterity (+6).
   rN:        It protects you from negative energy.
   Stlth:     It makes you more stealthy.
 x - a +5 ring of evasion
 z - a ring of protection from cold
 A - a ring of protection from cold
 G - a +4 ring of protection
 H - a ring of willpower
 J - a ring of protection from fire
 L - an amulet of magic regeneration
 Q - the ring of the Wary Places (right hand) {rPois rC+ rCorr Str+3}
   (You bought it in a shop on level 2 of the Orcish Mines)

   [ring of poison resistance]

   Str:       It affects your strength (+3).
   rC:        It protects you from cold.
   rPois:     It protects you from poison.
   rCorr:     It protects you from acid and corrosion.
 V - a +6 ring of strength
Wands
 q - a wand of flame (22)
 v - a wand of paralysis (11)
 M - a wand of mindburst (32)
 N - a wand of digging (10)
 P - a wand of polymorph (8)
 T - a wand of roots (16)
Scrolls
 a - 7 scrolls of amnesia
 f - a scroll of noise
 r - 2 scrolls of fear
 s - 2 scrolls of enchant weapon
 u - 8 scrolls of magic mapping
 y - a scroll of poison
 C - 2 scrolls of silence
 O - 11 scrolls of identify
 U - 2 scrolls of fog
Potions
 b - a potion of invisibility
 e - 2 potions of flight
 g - 4 potions of brilliance
 j - 15 potions of curing
 m - 10 potions of heal wounds
 w - 3 potions of mutation
 B - 2 potions of cancellation
 F - 6 potions of might
 I - 2 potions of attraction
 K - a potion of berserk rage
 R - a potion of magic
Miscellaneous
 h - a phantom mirror


   Skills:
 + Level 17.1 Fighting
 + Level 10.4 Armour
 - Level 5.0 Dodging
 - Level 9.0 Stealth
 - Level 6.0 Shields
 + Level 14.2 Spellcasting
 - Level 11.0 Conjurations
 - Level 9.0 Transmutations
 * Level 13.1 Fire Magic
 - Level 5.0 Poison Magic


You had 12 spell levels left.
You knew the following spells:

 Your Spells              Type           Power      Damage    Failure   Level
a - Foxfire               Conj/Fire      100%       2x1d9     1%          1
b - Fireball              Conj/Fire      32%        3d14      1%          5
c - Shock                 Conj/Air       100%       1d9       1%          1
d - Sting                 Tmut/Pois      100%       1d8       1%          1
e - Ignite Poison         Fire/Tmut/Pois 55%        N/A       1%          3
g - Kiss of Death         Conj/Necr      100%       2d13      1%          1
h - Sublimation of Blood  Necr           16%        N/A       10%         2
i - Irradiate             Conj/Tmut      29%        3d21      3%          5
s - Sticky Flame          Conj/Fire      64%        2d8       1%          4
w - Flame Wave            Conj/Fire      64%        2d15      1%          4
x - Starburst             Conj/Fire      32%        6d10      7%          6

Your spell library contained the following spells:

 Spells                   Type           Power      Damage    Failure   Level
 Hailstorm                Conj/Ice       41%        3d10      1%          3
 Inner Flame              Hex/Fire       46%        N/A       1%          3
 Mephitic Cloud           Conj/Pois/Air  40%        N/A       2%          3
 Poisonous Vapours        Pois/Air       54%        N/A       3%          2
 Cigotuvi's Dreadful Rot  Necr/Pois/Air  48%        N/A       4%          2
 Blade Hands              Tmut           27%        N/A       4%          5
 Freeze                   Ice            64%        1d7       7%          1
 Necrotise                Necr           64%        1d7       7%          1
 Slow                     Hex            64%        N/A       7%          1
 Olgreb's Toxic Radiance  Pois           39%        N/A       9%          4
 Petrify                  Tmut/Erth      37%        N/A       11%         4
 Alistair's Intoxication  Tmut/Pois      32%        N/A       11%         5
 Confusing Touch          Hex            16%        N/A       21%         3
 Frozen Ramparts          Ice            32%        1d5       21%         3
 Portal Projectile        Hex/Tloc       32%        N/A       21%         3
 Summon Guardian Golem    Hex/Summ       16%        N/A       21%         3
 Tukima's Dance           Hex            16%        N/A       21%         3
 Vampiric Draining        Necr           16%        2d7       21%         3
 Freezing Cloud           Conj/Ice/Air   16%        6-21      38%         5
 Eringya's Noxious Bog    Tmut/Pois      24%        N/A       50%         6
 Orb of Destruction       Conj           30%        9d10      52%         7
 Animate Dead             Necr           16%        N/A       54%         4
 Dispel Undead            Necr           16%        3d10      54%         4
 Summon Lightning Spire   Summ/Air       16%        N/A       54%         4
 Agony                    Necr           16%        N/A       88%         5
 Borgnjor's Vile Clutch   Necr/Erth      8%         N/A       88%         5
 Ignition                 Fire           33%        3d10      89%         8
 Spellforged Servitor     Conj/Summ      20%        N/A       99%         7
 Death Channel            Necr           8%         N/A       100%        6
 Simulacrum               Ice/Necr       8%         N/A       100%        6
 Haunt                    Necr/Summ      8%         N/A       100%        7
 Ozocubu's Refrigeration  Ice            8%         4d9       100%        7
 Storm Form               Tmut/Air       18%        N/A       100%        7
 Borgnjor's Revivificati  Necr           8%         N/A       100%        8
 Infestation              Necr           8%         N/A       100%        8
 Maxwell's Capacitive Co  Air            8%         ∞         100%        8
 Necromutation            Tmut/Necr      18%        N/A       100%        8
 Death's Door             Necr           8%         N/A       100%        9
 Polar Vortex             Ice            8%         N/A       100%        9


Dungeon Overview and Level Annotations

Branches:
Dungeon (13/15)            Temple (1/1) D:5            Lair (5/5) D:10
  Swamp (3/4) Lair:2       Spider (4/4) Lair:3        Slime (0/5) Lair:4
    Orc (2/2) D:11            Elf (0/3) Orc:2         IceCv (visited)
 Vaults: D:13-14

Altars:
Ashenzari
Cheibriados
Dithmenos
Elyvilon
Fedhas
Gozag
Hepliaklqana
Kikubaaqudgha
Makhleb
Nemelex Xobeh
Okawaru
Qazlal
Ru
Sif Muna
Trog
Uskayaw
Vehumet
Wu Jian
Xom
Yredelemnul
Zin
The Shining One
Jiyva

Shops:
D:1 [   D:4 (?!   D:9 [*   Orc:2 [::=

Portals:
Abyss: Lair:5

Annotations:
D:10 exclusion: 2 statues
Lair:4 1 runed translucent door, Diamem's ghost, adept GnHW
Lair:5 2 transporters, billz999's ghost, journeyman DjIE
Orc:1 1 runed translucent door, Zoap's ghost, journeyman MiBe


Innate Abilities, Weirdness & Mutations

You cannot be hasted, slowed, berserked, paralysed or teleported.
You can dig through walls and to a lower floor.
You have a pair of large antennae on your head. (SInv)
Your four strong arms can wield two-handed weapons with a shield.
You are clumsy. (Dex -2)
Your magical capacity is low. (-10% MP)


Message History

The foxfire hits the spark wasp.
The spark wasp is moderately wounded.
The foxfire hits the spark wasp.
The spark wasp is moderately wounded.
The spark wasp closely misses you.
You conjure some foxfire!
The foxfire hits the spark wasp but does no damage.
The spark wasp is moderately wounded.
The foxfire hits the spark wasp.
The spark wasp is moderately wounded.
The spark wasp stings you!! The spark wasp shocks you!
The spark wasp stings you! The spark wasp shocks you!
* * * LOW HITPOINT WARNING * * *
You are too injured to fight recklessly!
Casting: Foxfire (safe; 1% risk of failure)
Confirm with . or Enter, or press ? or * to list all spells.
Aiming: Sticky Flame (mildly dangerous; 1% risk of failure)
Press: ? - help, Shift-Dir - straight line, f - spark wasp
Aim: a spark wasp (moderately wounded, ally target)
The sticky flame hits the spark wasp!
The spark wasp is moderately wounded.
The spark wasp is covered in liquid flames!
The spark wasp burns!
The foxfire hits the spark wasp but does no damage.
The spark wasp is heavily wounded.
The foxfire hits the spark wasp.
The spark wasp is heavily wounded.
The spark wasp stings you!!
* * * LOW HITPOINT WARNING * * *
The spark wasp shocks you!
* * * LOW HITPOINT WARNING * * *
You feel much better.
The spark wasp burns!
The spark wasp stings you.
* * * LOW HITPOINT WARNING * * *
The spark wasp shocks you!
* * * LOW HITPOINT WARNING * * *
The spark wasp stings you.
* * * LOW HITPOINT WARNING * * *
The spark wasp shocks you!
You die...
Kikubaaqudgha rasps: "You have failed me!
Welcome... death!"

##.......#^#?...#.# . {
#^.###.^##......... ..
##..^#...###.#.#..#^ ?.s#
#########...###..^######..##
~.~.~#.#.#~.#^...#....##...#...#.
#......#......##....#...##....
#.~......"....#...^##.#....#.#
.....#.#.#~~#..y.#..#..###....###
... #########..@§..####^..#...##
. { { ##.§.#...##...#.#^#.
#..###.##..#.#####.
########...####..##
#..###...^.#..<. {
##..^..#..####.. #......##.^###..
#^#.##..####^#.. # ###...##......


You could see a spark wasp (burning).

Vanquished Creatures
  Rupert (Lair:4)
  A ghost moth (Spider:2)
  4 emperor scorpions
  3 eleionomae
  2 bunyips (Swamp:3)
  Josephine (Lair:4)
  An ice dragon (Lair:1)
  3 entropy weavers
  5 hydras
  2 radroaches
  3 jorogumos
  2 centaur warriors (D:13)
  3 boulder beetles
  6 death yaks
  7 alligators
  6 two-headed ogres
  A death knight (D:13)
  Urug (Lair:4)
  8 orc high priests (Orc:2)
  Nergalle (Orc:1)
  5 pharaoh ants
  4 skeletal warriors
  A sun moth (Spider:3)
  6 orb spiders
  7 goliath frogs
  8 spriggan druids
  A swamp dragon (Swamp:1)
  3 bog bodies
  2 lindwurms
  An orc knight (Orc:1)
  A phantasmal warrior (D:13)
  7 steelbarb worms
  A deep elf pyromancer (D:12)
  21 wolf spiders
  2 will-o-the-wisps (Swamp:1)
  2 oklob plants (D:10)
  2 manticores
  A moth of wrath (shapeshifter) (D:13)
  4 centaur zombies (D:11)
  5 elephants
  3 moths of wrath
  Joseph (D:7)
  A torpor snail (Spider:2)
  2 gargoyles (D:12)
  3 demonic crawlers
  5 black mambas
  9 cane toads
  Maggie (D:7)
  2 rime drakes (Lair:3)
  2 ice statues (IceCv)
  2 kobold demonologists (D:12)
  9 komodo dragons
  An anaconda simulacrum (IceCv)
  2 unseen horrors
  2 freezing wraiths
  6 ice devils (IceCv)
  5 polar bears
  3 trolls
  14 hornets
  A meliai (Lair:3)
  4 tyrant leeches
  A bloated husk (Swamp:3)
  9 tarantellas
  19 blink frogs
  6 dream sheep
  25 jumping spiders
  16 culicivoras
  30 spriggans
  9 wraiths
  3 slime creatures (D:12)
  2 vampires
  5 basilisks
  Eustachio (D:6)
  53 yaks
  3 wyverns
  37 redbacks
  3 steam dragons
  10 vampire mosquitoes
  9 wargs
  4 swamp worms
  3 acid dragons
  11 water moccasins
  Duvessa (D:4)
  14 orc warriors
  A sky beast (D:7)
  An ice beast (D:5)
  8 black bears
  2 centaurs
  5 ogres
  3 boggarts (Lair:5)
  25 wolves
  3 kobold brigands
  12 bullfrogs
  3 necrophages
  2 cane toad simulacra (IceCv)
  2 scorpions
  5 wights
  Dowan (D:4)
  4 killer bees (Lair:3)
  3 elephant simulacra (IceCv)
  3 electric eels (Lair:2)
  5 howler monkeys
  4 hounds
  A jelly (D:6)
  35 orc priests
  2 gnoll boudas
  3 iguanas
  18 orc wizards
  A boggart zombie (D:11)
  4 spriggan simulacra (IceCv)
  A troll simulacrum (IceCv)
  2 wolf simulacra (IceCv)
  9 gnolls
  10 adders
  3 naga simulacra (IceCv)
  16 white imps
  4 ufetubi
  3 worms
  3 dart slugs
  93 orcs
  6 endoplasms
  5 giant cockroaches
  4 goblins
  8 hobgoblins
  4 jackals (D:5)
  7 quokkas
  6 ball pythons
  7 bats
  3 frilled lizards
  11 kobolds
  6 rats
864 creatures vanquished.

Vanquished Creatures (collateral kills)
  2 yaks (Lair:1)
  28 foxfires
30 creatures vanquished.

Vanquished Creatures (others)
  A bloated husk (Swamp:1)
  A jumping spider (Spider:1)
  5121 foxfires
  28 fungi
  88 plants
  2 withered plants (D:11)
5241 creatures vanquished.

Grand Total: 6135 creatures vanquished

Notes
Turn   | Place    | Note
-------+----------+-------------------------------------------
     0 | D:1      | oldriver the Formicid Wanderer began the quest for the Orb.
     0 | D:1      | oldriver set off with the following items: a +0 club, a
                  | potion of invisibility, a +0 robe, a potion of
                  | lignification; and the following spells available to
                  | memorise: Foxfire, Kiss of Death, Shock, Sting, Ignite
                  | Poison.
     0 | D:1      | Reached XP level 1. HP: 15/15 MP: 5/5
     2 | D:1      | Learned a level 1 spell: Foxfire
     4 | D:1      | Learned a level 1 spell: Kiss of Death
     6 | D:1      | Learned a level 1 spell: Shock
     8 | D:1      | Learned a level 1 spell: Sting
    50 | D:1      | Reached skill level 1 in Poison Magic
    50 | D:1      | Reached XP level 2. HP: 21/21 MP: 0/7
   623 | D:1      | Found Vun Kuumu's Antique Armour Shop.
   997 | D:1      | Reached XP level 3. HP: 27/27 MP: 6/9
  1600 | D:2      | Reached skill level 2 in Fighting
  1607 | D:2      | Identified the +6 dagger "Vaipt" {drain, MP+9}
  1920 | D:2      | Reached XP level 4. HP: 22/30 MP: 10/10
  2485 | D:2      | Reached skill level 1 in Fire Magic
  2657 | D:2      | Found a faded altar of an unknown god.
  2797 | D:1      | Bought a ripped robe for 153 gold pieces
  2797 | D:1      | Identified the +1 robe "Viusompu" {-Tele Str+4 Int+6} (You
                  | bought it in a shop on level 1 of the Dungeon)
  3217 | D:3      | Reached XP level 5. HP: 39/39 MP: 12/12
  3621 | D:3      | Identified the ring of the Final Decision {rN+ Int+2 Dex+6
                  | Stlth+}
  3944 | D:4      | Noticed Duvessa
  4003 | D:3      | Reached skill level 3 in Fighting
  4003 | D:3      | Reached skill level 5 in Spellcasting
  4079 | D:3      | Learned a level 3 spell: Ignite Poison
  4086 | D:4      | Reached XP level 6. HP: 47/47 MP: 13/13
  4089 | D:4      | Reached skill level 1 in Transmutations
  4296 | D:4      | Noticed Dowan
  4301 | D:4      | Killed Duvessa
  4309 | D:4      | Killed Dowan
  4310 | D:4      | Reached XP level 7. HP: 21/52 MP: 13/14
  4495 | D:4      | Found Dunosh's Magic Scroll Emporium.
  4603 | D:4      | Found Qulokuve's Distillery.
  4608 | D:4      | Bought a potion of curing for 36 gold pieces
  5060 | D:4      | Found Urant's Weapon Shoppe.
  5597 | D:5      | Entered Level 5 of the Dungeon
  5603 | D:5      | Reached skill level 4 in Fighting
  5986 | D:5      | Found a staircase to the Ecumenical Temple.
  5999 | D:5      | Noticed a wyvern
  6027 | Temple   | Entered the Ecumenical Temple
  6441 | Temple   | Became a worshipper of Kikubaaqudgha
  6612 | D:5      | Noticed an acid dragon
  6615 | D:5      | Reached XP level 8. HP: 61/61 MP: 15/15
  6627 | D:5      | Reached skill level 5 in Transmutations
  6627 | D:5      | Reached skill level 5 in Poison Magic
  6632 | D:5      | Reached skill level 5 in Fighting
  7285 | D:6      | Noticed Eustachio
  7288 | D:6      | Killed Eustachio
  7289 | D:6      | Reached skill level 1 in Armour
  7289 | D:6      | Reached skill level 1 in Stealth
  7330 | D:6      | Reached skill level 6 in Fighting
  7526 | D:6      | Found a glowing silver altar of Zin.
  7760 | D:6      | Reached XP level 9. HP: 71/71 MP: 16/16
  7793 | D:6      | Identified the amulet of Acunejyw {Spirit Fragile rN+ Dex+5
                  | SInv}
  7986 | D:6      | Found a stormy altar of Qazlal.
  8174 | D:6      | Reached skill level 7 in Fighting
  8617 | D:7      | Reached skill level 5 in Stealth
  8667 | D:7      | Noticed Maggie
  8679 | D:7      | Killed Maggie
  8680 | D:7      | Reached skill level 8 in Fighting
  8909 | D:7      | Noticed Joseph
  8930 | D:7      | Killed Joseph
  8931 | D:7      | Reached skill level 9 in Fighting
  9071 | D:7      | Reached XP level 10. HP: 83/83 MP: 18/18
  9438 | D:7      | Reached * piety under Kikubaaqudgha
  9438 | D:7      | Received a gift from Kikubaaqudgha
  9440 | D:7      | HP: 4/82 [wight/+4 great sword of freezing (11)]
  9771 | D:1      | Bought a fine buckler for 256 gold pieces
  9771 | D:1      | Identified the +3 buckler of Transparent the Good {+Blink
                  | SInv} (You bought it in a shop on level 1 of the Dungeon)
  9958 | D:7      | Reached skill level 1 in Shields
 10113 | D:7      | Learned a level 4 spell: Flame Wave
 10118 | D:7      | Learned a level 4 spell: Sticky Flame
 10685 | D:8      | Noticed a two-headed ogre
 10881 | D:8      | Reached ** piety under Kikubaaqudgha
 11492 | D:8      | Reached skill level 10 in Fighting
 11687 | D:8      | Killed a two-headed ogre
 12067 | D:9      | Reached XP level 11. HP: 91/91 MP: 20/21
 12325 | D:9      | Reached skill level 5 in Shields
 12325 | D:9      | Reached skill level 5 in Fire Magic
 12771 | D:9      | Noticed a two-headed ogre
 12830 | D:9      | Found Lyihisk's Assorted Antiques.
 12839 | D:9      | Bought a glowing lapis lazuli amulet for 130 gold pieces
 12862 | D:9      | Found Keresaspa's Dragon-Slaying Spoils.
 13116 | D:9      | Killed a two-headed ogre
 13452 | D:10     | Entered Level 10 of the Dungeon
 13700 | D:10     | Noticed an oklob plant
 13708 | D:10     | Noticed an oklob plant
 14356 | D:10     | Reached *** piety under Kikubaaqudgha
 14356 | D:10     | Received a gift from Kikubaaqudgha
 14438 | D:10     | Reached skill level 11 in Fighting
 14665 | D:10     | Noticed an archer statue
 14667 | D:10     | Noticed an archer statue
 15477 | D:11     | Noticed a manticore
 15489 | D:11     | Killed a manticore
 15691 | D:11     | Reached XP level 12. HP: 84/100 MP: 24/24
 15962 | D:11     | Noticed a two-headed ogre
 15976 | D:11     | Killed a two-headed ogre
 16076 | D:11     | Noticed a two-headed ogre
 16377 | D:11     | Killed a two-headed ogre
 16483 | D:11     | Noticed a skeletal warrior
 16484 | D:11     | Noticed a skeletal warrior
 16596 | D:10     | Found a staircase to the Lair.
 16982 | D:10     | Learned a level 5 spell: Irradiate
 16985 | D:10     | Learned a level 2 spell: Sublimation of Blood
 16987 | Lair:1   | Entered Level 1 of the Lair of Beasts
 17276 | Lair:2   | Found a frozen archway.
 17291 | Lair:2   | Reached **** piety under Kikubaaqudgha
 17297 | IceCv    | Entered an ice cave
 18444 | IceCv    | Reached skill level 5 in Conjurations
 18745 | IceCv    | Reached skill level 12 in Fighting
 18745 | IceCv    | Reached skill level 5 in Armour
 19093 | IceCv    | Identified the ring of Compulsion {Ice Will+ rCorr SInv}
 19093 | IceCv    | Noticed a reaper
 19409 | Lair:2   | Reached ***** piety under Kikubaaqudgha
 19549 | Lair:2   | Reached XP level 13. HP: 80/109 MP: 24/26
 20060 | Lair:1   | Reached skill level 10 in Spellcasting
 20494 | Lair:1   | Noticed an ice dragon
 20681 | Lair:1   | Killed an ice dragon
 20682 | Lair:1   | Reached skill level 13 in Fighting
 21115 | Lair:2   | Found a staircase to the Swamp.
 21899 | Lair:3   | Noticed a seven-headed hydra
 21907 | Lair:3   | Killed a seven-headed hydra
 22112 | Lair:3   | Reached skill level 14 in Fighting
 22289 | Lair:3   | Found a hole to the Spider Nest.
 22769 | Lair:3   | Identified a scroll of acquirement
 22769 | Lair:3   | Acquired the ring "Jaaniffe" {rF+ MP+9}
 22842 | Lair:4   | Noticed Rupert
 23019 | Lair:4   | Reached XP level 14. HP: 116/120 MP: 26/28
 23393 | Lair:4   | Killed Rupert
 23689 | Lair:4   | Found a runed translucent door.
 23692 | Lair:4   | Noticed Diamem's ghost (adept GnHW)
 23849 | Lair:4   | Identified the +11 great mace of Ixzun {heavy, +Blink SInv}
 23851 | Lair:4   | Noticed Josephine
 23867 | Lair:4   | Killed Josephine
 24069 | Lair:4   | Found a viscous altar of Jiyva.
 24069 | Lair:4   | Found a staircase to the Slime Pits.
 24275 | Lair:4   | Noticed Urug
 24284 | Lair:4   | Killed Urug
 24511 | Lair:5   | Entered Level 5 of the Lair of Beasts
 24731 | Lair:5   | Reached skill level 15 in Fighting
 24733 | Lair:4   | Reached ****** piety under Kikubaaqudgha
 25725 | Lair:5   | Found a transporter.
 25898 | Lair:5   | Reached XP level 15. HP: 126/129 MP: 23/30
 26751 | Lair:5   | Identified the +0 leather armour of the Yeti {Regen+ Str-5
                  | Stlth+}
 27003 | Lair:5   | Found a transporter.
 27005 | Lair:5   | Found a one-way gate to the infinite horrors of the Abyss.
 27005 | Lair:5   | Noticed billz999's ghost (journeyman DjIE)
 27926 | D:11     | Found a staircase to the Orcish Mines.
 29506 | Orc:1    | Entered Level 1 of the Orcish Mines
 29616 | Orc:2    | Entered Level 2 of the Orcish Mines
 30979 | Orc:2    | Found Xacuxt's Jewellery Boutique.
 30979 | Orc:2    | Found Enwikiot's Book Shoppe.
 31235 | Orc:2    | Found a shimmering blue altar of Sif Muna.
 31311 | Orc:2    | Found a staircase to the Elven Halls.
 31714 | Orc:2    | Found Quer's Antique Armour Shoppe.
 31714 | Orc:2    | Found Honu's Book Boutique.
 32673 | Orc:2    | Received a gift from Kikubaaqudgha
 32676 | Orc:1    | Noticed Nergalle
 32676 | Orc:1    | Found a runed translucent door.
 32678 | Orc:1    | Killed Nergalle
 32743 | Orc:1    | Reached skill level 16 in Fighting
 32868 | Orc:1    | Noticed Zoap's ghost (journeyman MiBe)
 33000 | Orc:2    | Bought the ring of the Wary Places {rPois rC+ rCorr Str+3}
                  | for 550 gold pieces
 33152 | Orc:2    | Bought a book of Fire for 360 gold pieces
 33159 | Orc:2    | Learned a level 6 spell: Starburst
 33165 | Orc:2    | Learned a level 5 spell: Fireball
 33404 | D:13     | Gained mutation: You are dopey. (Int -2) [mutagenic glow]
 33624 | Swamp:1  | Entered Level 1 of the Swamp
 33627 | Swamp:1  | Reached XP level 16. HP: 137/138 MP: 32/32
 33907 | Swamp:1  | Reached skill level 10 in Conjurations
 34598 | Swamp:1  | Identified the +3 mace "Puihatt" {protect, rN+}
 34832 | Swamp:2  | Reached skill level 10 in Fire Magic
 37498 | Spider:1 | Entered Level 1 of the Spider Nest
 38045 | Spider:1 | Noticed an emperor scorpion
 38702 | Spider:1 | Reached XP level 17. HP: 131/145 MP: 30/34
 38941 | Spider:1 | Gained mutation: You occasionally shout uncontrollably at
                  | your foes. [mutagenic glow]
 39087 | Spider:1 | Lost mutation: You occasionally shout uncontrollably at
                  | your foes. [potion of mutation]
 39087 | Spider:1 | Lost mutation: You are dopey. (Int -2) [potion of mutation]
 39087 | Spider:1 | Gained mutation: You are clumsy. (Dex -2) [potion of
                  | mutation]
 41846 | Spider:4 | Entered Level 4 of the Spider Nest
 42237 | Spider:4 | Identified the +4 lajatang of Ygedgheor {venom, rElec}
 44525 | Spider:3 | Reached skill level 10 in Armour
 44538 | Spider:3 | Gained mutation: Your magical capacity is low. (-10% MP)
                  | [mutagenic glow]
 45128 | Spider:3 | Reached skill level 17 in Fighting
 45547 | Spider:4 | Reached skill level 5 in Dodging
 46729 | Spider:4 | Reached XP level 18. HP: 128/154 MP: 32/32
 46770 | Spider:4 | HP: 7/154 [spark wasp (2)]
 46770 | Spider:4 | Mangled by a spark wasp

Illustrated notes

Levels and vault maps discovered:
D:1:      minmay_arrival_four_houses, layout_basic, serial_shops, shop_statue
D:2:      layout_loops_cross, shapermc_ecumenical_altar_ellora,
          serial_bayou_pond_d, minmay_between
D:3:      layout_basic, serial_rivers, chequers_serial_rivers_marsh,
          chequers_serial_rivers_micro_b, chequers_serial_rivers_micro_b,
          chequers_serial_rivers_micro_d
D:4:      layout_basic, serial_shops, nicolae_shop_hallway_plus,
          nicolae_shop_hallway_plus, shop, uniq_duvessa
D:5:      layout_loops_cross, minmay_temple_entry_wispy, serial_park_tiny_1
D:6:      layout_gridville, mainiacjoe_overflow_alcove_4,
          nicolae_qazlal_style_of_elements,
          hangedman_abyss_or_decor_jellyfish_corner, st_stairs_2, uniq_eustachio
D:7:      layout_rooms, uniq_joseph, uniq_maggie
D:8:      layout_rooms, special_room [special_room_orc]
D:9:      layout_layer_cave, serial_shops, kennysheep_mini, nicolae_wwwww,
          nicolae_shop_dragon_depot
D:10:     layout_stronghold, dpeg_oklobed_lair, minmay_dual_archer_statues
D:11:     layout_roguey, david_orc_3, serial_undead, serial_undead_a,
          serial_undead_f, serial_undead_b, serial_undead_a
D:12:     layout_cave_pools, roderic_roman_lattice
D:13:     layout_gridville, david_vaults_2
Temple:   nicolae_temple_slightly_damp_pantheon
Lair:1:   dragon1_lemuel, layout_hall_layers, infiniplex_staircase_pool_2
Lair:2:   wad_woods_04, layout_cellular_growth, swamp_mist, serial_bayou,
          serial_bayou_pond_e, serial_bayou_crossing, serial_bayou_lagoon_b,
          serial_bayou_lake_a, portal_ice_cave_entry_imps,
          chequers_serial_rivers_micro_c, beast_lair_carwin_11
Lair:3:   layout_misc_corridors, hellmonk_spider_entry_not_the_bees
Lair:4:   cheibrodos_lair_overgrown_chateau, layout_regular_city,
          dpeg_slime_entry_enclosed, hellmonk_ghost_happy_afterlife,
          chequers_serial_rivers_small_3, uniq_rupert, uniq_josephine, uniq_urug
Lair:5:   minmay_lair_end_enchanted_forest, layout_misc_corridors,
          gammafunk_ghost_abyssal_escape
Swamp:1:  layout_falls_marsh, evilmike_swamp_ruin_rubble_1
Swamp:2:  nicolae_swamp_secret_spriggan_hideout, layout_falls_marsh,
          evilmike_swamp_ruin_rubble_2, swamp_pool3
Swamp:3:  layout_falls_marsh, serial_swamp_ruin, evilmike_swamp_ruin_house_2,
          evilmike_swamp_ruin_house_5, infiniplex_staircase_pool
Spider:1: layout_spider_delve
Spider:2: layout_chambers, drop_trap, nicolae_spider_twisty_arc_passages
Spider:3: layout_spider_delve
Spider:4: guppyfry_spider_rune
Orc:1:    layout_caves, ebering_ghost_inner_flame, uniq_nergalle
Orc:2:    st_orc_town, layout_caves, kennysheep_orc_sif_temple

Skill      XL: |  1  2  3  4  5  6  7  8  9 10 11 12 13 14 15 16 17 |
---------------+----------------------------------------------------+-----
Poison Magic   | 1 2 3 4 5 |  5.0
Fighting       | 2 3 4 6 9 10 11 12 14 15 16 17 | 17.1
Conjurations   | 4 5 7 8 9 10 11 | 11.0
Fire Magic     | 1 2 3 4 7 9 11 13 | 13.1
Spellcasting   | 5 7 8 9 10 11 12 13 14 | 14.2
Transmutations | 2 4 5 6 7 8 9 |  9.0
Armour         | 2 3 5 7 8 9 10 | 10.4
Stealth        | 3 5 6 8 9 |  9.0
Dodging        | 2 3 5 |  5.0
Shields        | 4 5 6 |  6.0

Action                   |  1- 3 |  4- 6 |  7- 9 | 10-12 | 13-15 | 16-18 || total
-------------------------+-------+-------+-------+-------+-------+-------++-------
Melee: Club              |     1 |       |       |       |       |       ||     1
       Dagger            |       |    18 |     3 |   187 |   147 |   117 ||   472
 Cast: Foxfire           |    96 |   188 |   321 |   798 |  1037 |   600 ||  3040
       Kiss of Death     |     1 |     1 |       |       |       |       ||     2
       Sting             |       |     1 |    26 |    87 |     7 |     2 ||   123
       Ignite Poison     |       |       |    13 |    23 |     2 |     2 ||    40
       Shock             |       |       |       |     6 |       |       ||     6
       Flame Wave        |       |       |       |    21 |    76 |    14 ||   111
       Sticky Flame      |       |       |       |     9 |    62 |    59 ||   130
       Irradiate         |       |       |       |       |    43 |    64 ||   107
       Fireball          |       |       |       |       |     4 |    63 ||    67
       Starburst         |       |       |       |       |       |    89 ||    89
Invok: Receive Forbidden |       |       |       |       |     1 |       ||     1
Evoke: Wand              |       |       |     4 |     3 |     5 |       ||    12
  Use: Potion            |       |     1 |       |     7 |     5 |     4 ||    17
       Scroll            |       |       |     9 |     9 |     7 |     4 ||    29
 Stab: Sleeping          |       |     1 |       |     4 |     5 |     1 ||    11
       Distracted        |       |     1 |       |     1 |     1 |       ||     3
       Paralysed         |       |       |       |       |     4 |       ||     4
Armor: Robe              |     1 |     4 |     9 |       |       |       ||    14
       Skin              |       |    13 |       |       |     1 |       ||    14
       Swamp dragon scal |       |       |       |   147 |   134 |   220 ||   501
       Acid dragon scale |       |       |       |     4 |       |       ||     4
Dodge: Dodged            |     7 |     5 |    30 |   179 |   159 |   222 ||   602
Block: Buckler           |       |       |       |   158 |   346 |   328 ||   832
       Reflection        |       |       |       |       |     8 |       ||     8

Table legend: (Time is in decaauts)
 A = Elapsed time spent in this place.
 B = Non-inter-level travel time spent in this place.
 C = Inter-level travel time spent in this place.
 D = Time resting spent in this place.
 E = Time spent auto-exploring this place.
 F = Levels seen in this place.
 G = Mean time per level.
                   A        B        C        D        E       F      G
               +--------+--------+--------+--------+--------+-----+--------+
         Total |  47044 |  44701 |   2343 |   8718 |  27472 |  29 | 1622.2 |
       Dungeon |  18939 |  17707 |   1232 |   1619 |  13024 |  13 | 1456.8 |
        Temple |    433 |    384 |     49 |    104 |    147 |   1 |  433.0 |
          Lair |   9483 |   8951 |    532 |   1615 |   5561 |   5 | 1896.6 |
         Swamp |   3522 |   3413 |    109 |   1049 |   1647 |   3 | 1174.0 |
   Spider Nest |   9158 |   8985 |    173 |   2817 |   4683 |   4 | 2289.5 |
  Orcish Mines |   3648 |   3402 |    246 |    603 |   1973 |   2 | 1824.0 |
      Ice Cave |   1858 |   1858 |      0 |    911 |    436 |   1 | 1858.0 |
               +--------+--------+--------+--------+--------+-----+--------+

Top non-repeatable levels by time:
   Orc:2: 3059 daAuts
  Lair:4: 2632 daAuts
  Lair:2: 2464 daAuts
Spider:2: 2436 daAuts
    D:10: 2412 daAuts
Spider:3: 2379 daAuts
Spider:1: 2339 daAuts
Spider:4: 2003 daAuts
    D:11: 1961 daAuts
  Lair:5: 1932 daAuts
   IceCv: 1858 daAuts
     D:1: 1693 daAuts
     D:9: 1681 daAuts
  Lair:3: 1571 daAuts
     D:4: 1555 daAuts
